 Dungeon Crawl Stone Soup version 0.19.1-1-g22dce08 (webtiles) character file.

122661 dngmouse the Slayer (level 16, -4/168 HPs)
             Began as a Hill Orc Fighter on Jan 14, 2017.
             Was the Champion of Makhleb.
             Slain by the 27-headed Lernaean hydra (8 damage)
             ... on level 4 of the Swamp.
             The game lasted 03:19:16 (30451 turns).

dngmouse the Slayer (Hill Orc Fighter)             Turns: 30451, Time: 03:19:16

Health: -4/168     AC: 24    Str: 24    XL:     16   Next: 88%
Magic:  0/23       EV: 10    Int:  8    God:    Makhleb [******]
Gold:   1050       SH:  0    Dex: 12    Spells: 1 memorised, 13 levels left

rFire  . . .     SeeInvis .     a - +3 battleaxe
rCold  . . .     Gourm    .     y - +0 plate armour "Xynuddug" {*Corrode rN++ Regen+ Slay+3} (curse)
rNeg   + + .     Faith    .     (shield currently unavailable)
rPois  +         Spirit   +     s - +2 hat {Spirit}
rElec  .         Reflect  .     R - +2 cloak {rPois}
rCorr  .         Harm     .     h - +1 pair of gloves
MR     +....                    W - +2 pair of boots
Stlth  ..........               u - amulet of rage
                                z - +3 ring of slaying
                                B - +4 ring of slaying

@: corroded
A: no striking features
a: Minor Destruction, Lesser Servant of Makhleb, Major Destruction, Greater
Servant of Makhleb, Renounce Religion, Evoke Berserk Rage


You were on level 4 of the Swamp.
You worshipped Makhleb.
Makhleb was exalted by your worship.
You were not hungry.

You visited 5 branches of the dungeon, and saw 26 of its levels.
You also visited: Sewer, Ice Cave and Volcano.

You collected 2800 gold pieces.
You spent 1750 gold pieces at shops.

Inventory:

Hand Weapons
 a - a +3 battleaxe (weapon)
 c - a +2 hand axe of flaming
Missiles
 q - 62 tomahawks (quivered)
Armour
 h - a +1 pair of gloves (worn)
 s - a +2 hat of spirit shield (worn)
 y - the cursed +0 plate armour "Xynuddug" (worn) {*Corrode rN++ Regen+ Slay+3}
   (You bought it in a shop on level 2 of the Orcish Mines)

   It affects your accuracy and damage with ranged weapons and melee attacks
   (+3).
   It greatly protects you from negative energy.
   It increases your rate of regeneration.
   It may corrode you when you take damage.
   It has a curse placed upon it.
 A - a +1 cloak of cold resistance
 F - a +0 hat of magic resistance
 R - a +2 cloak of poison resistance (worn)
 W - a +2 pair of boots (worn)
Jewellery
 b - an uncursed ring of ice
 u - an amulet of rage (around neck)
 z - a +3 ring of slaying (right hand)
 B - a +4 ring of slaying (left hand)
 D - an uncursed ring of see invisible
 N - an uncursed ring of resist corrosion
Wands
 l - a wand of iceblast (6/15)
 m - a wand of heal wounds (0/9)
 n - a wand of slowing (26/48)
 o - a wand of flame (27/48)
 x - a wand of iceblast (8/15)
 G - a wand of iceblast (7/15)
 K - a wand of acid (6/15)
 M - a wand of paralysis (6/24)
 O - a wand of disintegration (11/24)
 S - a wand of iceblast (6/15)
 U - a wand of confusion (28/48)
 Z - a wand of acid (5/15)
Scrolls
 p - 8 scrolls of identify
 r - 2 scrolls of fear
 v - 13 scrolls of teleportation
 w - 5 scrolls of blinking
 C - 3 scrolls of magic mapping
 J - 4 scrolls of fog
 V - a scroll of enchant weapon
 X - 6 scrolls of remove curse
 Y - a scroll of summoning
Potions
 d - a potion of haste
 e - 6 potions of curing
 g - 4 potions of flight
 i - 4 potions of lignification
 j - 2 potions of invisibility
 k - a potion of cancellation
 E - a potion of might
 I - a potion of berserk rage
 P - a potion of agility
 T - 4 potions of ambrosia
Miscellaneous
 f - a fan of gales
Comestibles
 t - a beef jerky
 H - 18 fruits
 L - 3 slices of pizza
 Q - 6 chunks of flesh


   Skills:
 * Level 21.6 Fighting
 - Level 16.0 Axes
 + Level 15.0 Armour
 - Level 6.1 Dodging
   Level 3.2 Shields
 - Level 10.0 Invocations
 + Level 6.4 Evocations


You had 13 spell levels left.
You knew the following spells:

 Your Spells              Type           Power        Failure   Level  Hunger
a - Blink                 Tloc           N/A          100%        2    ###....


Dungeon Overview and Level Annotations

Branches:
Dungeon (13/15) Temple (1/1) D:4 Lair (6/6) D:10 Swamp (4/4) Lair:2 Spider (0/4) Lair:2 Slime (0/5) Lair:6 Orc (2/2) D:12 Elf (0/3) Orc:2 Vaults (0/5) D:12 D:13

Altars:
Ashenzari
Cheibriados
Dithmenos
Elyvilon
Fedhas
Gozag
Hepliaklqana
Kikubaaqudgha
Makhleb
Nemelex Xobeh
Okawaru
Qazlal
Ru
Sif Muna
Trog
Uskayaw
Vehumet
Xom
Yredelemnul
Zin
The Shining One
Beogh
Jiyva

Shops:
D:8 :   D:10 !   Orc:2 }([(

Annotations:
Swamp:4 Lernaean hydra


Message History

The 27-headed Lernaean hydra barely misses you.
The 27-headed Lernaean hydra bites you.
* * * LOW HITPOINT WARNING * * *
The 27-headed Lernaean hydra bites you but does no damage. x2
The 27-headed Lernaean hydra barely misses you.
The 27-headed Lernaean hydra bites you.
* * * LOW HITPOINT WARNING * * *
The 27-headed Lernaean hydra closely misses you.
The 27-headed Lernaean hydra bites you but does no damage.
The 27-headed Lernaean hydra bites you!
* * * LOW HITPOINT WARNING * * *
The 27-headed Lernaean hydra closely misses you.
The 27-headed Lernaean hydra bites you but does no damage. x3
The 27-headed Lernaean hydra closely misses you.
The 27-headed Lernaean hydra bites you!
* * * LOW HITPOINT WARNING * * *
The 27-headed Lernaean hydra completely misses you.
The 27-headed Lernaean hydra bites you but does no damage. x2
The 27-headed Lernaean hydra bites you!
You die...

.......≈.≈..[≈.≈#
♣♣≈≈..≈..?...≈♣
♣..≈≈≈.♣≈≈.≈≈≈#
...≈.≈≈≈≈..♣.♣#
..........t.t♣#
.≈.♣≈.§k§≈≈≈≈#
♣♣.§f§D.=.♣#
♣♣§§§D.§...♣#
♣....D@†..≈.♣#
♣♣..♣.≈♣.≈§≈≈♣#
♣♣♣♣♣♣♣≈..≈≈≈♣##♣♣≈
♣♣≈..$≈≈≈♣≈≈.
♣♣..≈≈≈≈≈≈§≈
♣♣..≈≈≈≈≈≈§≈
♣≈.≈≈≈≈≈≈≈≈≈
♣♣...≈≈≈.≈≈≈
♣♣≈<♣≈..≈≈


You could see the 27-headed Lernaean hydra, a thorn hunter, 2 alligators, a
five-headed hydra, a swamp dragon and a swamp drake.

Vanquished Creatures
  A tentacled monstrosity (Swamp:4)
  An Ice Fiend (IceCv)
  3 orc warlords
  A ghoul (Swamp:1)
  Aizul (Swamp:3)
  Nessos (Orc:2)
  Josephine (Orc:1)
  Erolcha (Orc:1)
  Fannar (Lair:2)
  Harold (D:11)
  2 ghost crabs (Swamp:2)
  11 hydras
  2 centaur warriors
  The ghost of loralnil the Unseen, a journeyman SpEn of Dithmenos (IceCv)
  13 alligators
  9 death yaks (Lair:5)
  Urug (D:13)
  An orc high priest (Orc:2)
  2 ogre magi
  A hell knight (Volcano)
  4 unseen horrors
  4 swamp dragons
  6 orc knights
  8 hill giants
  2 deep elf magi (Orc:1)
  6 orc sorcerers
  A wolf spider (Lair:2)
  2 ugly things (D:13)
  3 centaur zombies
  5 elephants (Lair:6)
  An ice statue (IceCv)
  Maurice (D:9)
  A gargoyle (D:11)
  7 black mambas
  11 spiny frogs
  Joseph (D:10)
  2 torpor snails
  5 komodo dragons
  2 rime drakes
  2 freezing wraiths (IceCv)
  A golden dragon simulacrum (IceCv)
  2 anaconda simulacra (IceCv)
  4 ice devils (IceCv)
  6 trolls
  2 jumping spiders (Lair:2)
  5 polar bears
  Grinder (D:6)
  7 hornets
  7 two-headed ogres
  5 hippogriffs
  3 tyrant leeches
  A meliai zombie (D:12)
  11 slime creatures
  8 blink frogs
  10 bog bodies (Swamp:1)
  3 dream sheep (Lair:4)
  A redback (Lair:6)
  4 wraiths
  8 wyverns
  A shadow (Swamp:3)
  2 vampires (D:11)
  A dire elephant simulacrum (IceCv)
  42 yaks
  14 spriggans
  2 water elementals (D:13)
  A basilisk (Lair:2)
  16 humans (D:12)
  12 vampire mosquitoes
  3 hungry ghosts
  2 death yak simulacra (IceCv)
  4 harpy simulacra (IceCv)
  2 soldier ants (D:8)
  11 swamp worms
  2 hydra simulacra (IceCv)
  3 iron troll simulacra (IceCv)
  11 water moccasins
  3 wargs
  Duvessa (D:4)
  5 swamp drakes
  4 porcupines
  2 ice beasts
  3 sky beasts
  An eye of draining (D:12)
  49 orc warriors
  3 black bears
  5 necrophages
  2 ettin simulacra (IceCv)
  2 phantoms
  7 boggarts
  31 wolves
  11 ogres
  5 centaurs
  4 big kobolds
  16 crocodiles
  Blork the orc (D:4)
  6 bullfrogs
  Dowan (D:4)
  6 scorpions
  A wyvern skeleton (D:11)
  An elephant simulacrum (IceCv)
  4 killer bees (D:11)
  7 wights
  A vampire bat (Lair:1)
  2 howler monkeys
  An electric eel (Lair:1)
  7 crimson imps
  A bullfrog zombie (D:8)
  5 draconian simulacra (IceCv)
  A quasit (D:12)
  7 hounds
  4 centaur skeletons
  24 orc priests
  Crazy Yiuf (D:7)
  An iron imp (Orc:1)
  4 jellies
  6 iguanas
  37 orc wizards
  6 troll simulacra (IceCv)
  6 worker ants
  A spriggan simulacrum (IceCv)
  A polar bear simulacrum (IceCv)
  A wolf simulacrum (IceCv)
  A centaur simulacrum (IceCv)
  A hound zombie (D:9)
  A howler monkey zombie (D:5)
  A worker ant zombie (D:9)
  14 adders
  3 naga simulacra (IceCv)
  2 ogre simulacra (IceCv)
  A river rat (D:3)
  3 shadow imps
  4 white imps
  7 ufetubi (IceCv)
  2 adder zombies
  2 adder skeletons
  3 worms
  3 leopard geckos
  153 orcs
  A ball python (D:5)
  15 bats
  5 giant cockroaches
  4 hobgoblins
  2 jackals (Sewer)
  6 quokkas
  2 frilled lizards (D:3)
  6 goblins
  24 kobolds
  2 leopard gecko skeletons
  A leopard gecko zombie (D:8)
  A quokka skeleton (D:7)
  11 rats
  2 fungi
  2 plants
930 creatures vanquished.

Vanquished Creatures (others)
  A white imp (IceCv)
  An ufetubus (IceCv)
  3 orcs (Orc:1)
  4 fungi
  A plant (Lair:6)
10 creatures vanquished.

Grand Total: 940 creatures vanquished

Notes
Turn   | Place    | Note
-------+----------+-------------------------------------------
     0 | D:1      | dngmouse the Hill Orc Fighter began the quest for the Orb.
     0 | D:1      | Reached XP level 1. HP: 19/19 MP: 1/1
   284 | D:1      | Reached XP level 2. HP: 26/27 MP: 2/2
   386 | D:1      | Reached skill level 4 in Fighting
   523 | D:2      | Found a basalt altar of Yredelemnul.
   524 | D:2      | Found a glowing silver altar of Zin.
   745 | D:2      | Reached XP level 3. HP: 33/33 MP: 3/3
  1183 | D:3      | Reached skill level 5 in Axes
  1190 | D:3      | Reached XP level 4. HP: 37/40 MP: 4/4
  1200 | D:3      | Found a glowing drain.
  1204 | Sewer    | Entered a sewer
  1266 | Sewer    | Noticed a big kobold
  1287 | Sewer    | Killed a big kobold
  1287 | Sewer    | Reached XP level 5. HP: 33/46 MP: 5/5
  1310 | Sewer    | Found a white marble altar of Elyvilon.
  2035 | D:4      | Noticed Duvessa
  2035 | D:4      | Noticed Dowan
  2048 | D:4      | Killed Duvessa
  2048 | D:4      | Reached XP level 6. HP: 45/52 MP: 6/6
  2056 | D:4      | Killed Dowan
  2118 | D:4      | Found a staircase to the Ecumenical Temple.
  2127 | Temple   | Entered the Ecumenical Temple
  2319 | Temple   | Became a worshipper of Makhleb the Destroyer
  2485 | D:4      | Noticed Blork the orc
  2498 | D:4      | Killed Blork the orc
  2498 | D:4      | Reached XP level 7. HP: 40/59 MP: 7/7
  2779 | D:4      | Reached skill level 10 in Axes
  3090 | D:5      | Entered Level 5 of the Dungeon
  3458 | D:5      | Reached XP level 8. HP: 66/66 MP: 8/8
  3502 | D:5      | Reached * piety under Makhleb
  3589 | D:5      | Reached skill level 5 in Fighting
  4006 | D:6      | Noticed Grinder
  4022 | D:6      | Paralysed by Grinder for 7 turns
  4034 | D:6      | Killed Grinder
  4034 | D:6      | Reached skill level 6 in Fighting
  4038 | D:6      | Gained mutation: You are partially covered in iridescent scales. (AC +2) [potion of mutation]
  4038 | D:6      | Gained mutation: Your mind is acute. (Int +2) [potion of mutation]
  4038 | D:6      | Gained mutation: You have large cloven feet. [potion of mutation]
  4083 | D:6      | Found a glowing golden altar of the Shining One.
  4163 | D:6      | Reached skill level 7 in Fighting
  4234 | D:6      | Reached skill level 1 in Evocations
  4732 | D:7      | Found a runed door.
  5088 | D:7      | Reached XP level 9. HP: 77/81 MP: 8/10
  5141 | D:7      | Reached skill level 8 in Fighting
  5193 | D:7      | Noticed a hornet
  5197 | D:7      | Paralysed by a hornet for 3 turns
  5207 | D:7      | Killed a hornet
  5280 | D:7      | Noticed Crazy Yiuf
  5281 | D:7      | Killed Crazy Yiuf
  5435 | D:8      | Reached ** piety under Makhleb
  5548 | D:8      | Found an opulent altar of Gozag.
  5561 | D:8      | Reached skill level 9 in Fighting
  5609 | D:8      | Noticed a hornet
  5619 | D:8      | Killed a hornet
  5619 | D:8      | Reached skill level 5 in Armour
  5798 | D:8      | Reached skill level 10 in Fighting
  6030 | D:8      | Found Rompafuq's Book Emporium.
  6452 | D:8      | Found a snail-covered altar of Cheibriados.
  7043 | D:9      | Noticed Maurice
  7053 | D:9      | Killed Maurice
  7053 | D:9      | Reached skill level 11 in Fighting
  7053 | D:9      | Reached XP level 10. HP: 96/96 MP: 11/11
  7601 | D:10     | Entered Level 10 of the Dungeon
  7621 | D:10     | Reached skill level 1 in Invocations
  7626 | D:10     | Found a staircase to the Lair.
  7746 | D:10     | Noticed Joseph
  7767 | D:10     | Killed Joseph
  7978 | D:10     | Reached *** piety under Makhleb
  8083 | D:10     | Noticed an ogre mage
  8098 | D:10     | Killed an ogre mage
  8098 | D:10     | Reached skill level 12 in Fighting
  8354 | D:10     | Lost mutation: You are partially covered in iridescent scales. (AC +2) [potion of cure mutation]
  8354 | D:10     | Lost mutation: You have large cloven feet. [potion of cure mutation]
  8354 | D:10     | Lost mutation: Your mind is acute. (Int +2) [potion of cure mutation]
  8373 | D:10     | Found Marph's Distillery.
  8388 | D:10     | Bought a potion of heal wounds for 65 gold pieces
  8388 | D:10     | Bought a potion of might for 52 gold pieces
  8388 | D:10     | Bought a potion of curing for 39 gold pieces
  8388 | D:10     | Bought a potion of agility for 52 gold pieces
  8550 | D:11     | Noticed a hill giant
  8572 | D:11     | Killed a hill giant
  8683 | D:11     | Reached skill level 5 in Invocations
  8741 | D:11     | Noticed a gargoyle
  8742 | D:11     | Noticed an unseen horror
  8761 | D:11     | Reached skill level 13 in Fighting
  8763 | D:11     | Reached XP level 11. HP: 52/107 MP: 14/14
  8767 | D:11     | Killed an unseen horror
  8823 | D:11     | Noticed an unseen horror
  8844 | D:11     | Killed an unseen horror
  8906 | D:11     | Noticed Harold
  9218 | D:11     | Killed Harold
  9532 | D:11     | Noticed an unseen horror
  9553 | D:11     | Killed an unseen horror
  9700 | D:12     | Noticed a hill giant
  9708 | D:12     | Reached skill level 14 in Fighting
  9712 | D:12     | Killed a hill giant
  9753 | D:12     | Noticed a hill giant
  9767 | D:12     | Killed a hill giant
  9911 | D:12     | Reached **** piety under Makhleb
  9913 | D:12     | Found a staircase to the Orcish Mines.
  9985 | Orc:1    | Entered Level 1 of the Orcish Mines
 10206 | Orc:1    | Noticed Erolcha
 10220 | Orc:1    | Killed Erolcha
 10469 | Orc:1    | Noticed an orc sorcerer
 10472 | Orc:1    | Reached skill level 15 in Fighting
 10473 | Orc:1    | Noticed an orc knight
 10486 | Orc:1    | Reached XP level 12. HP: 91/119 MP: 17/17
 10879 | D:12     | Reached skill level 10 in Armour
 11198 | Orc:1    | Reached ***** piety under Makhleb
 11636 | Orc:1    | Reached skill level 16 in Fighting
 11649 | Orc:1    | Learned a level 2 spell: Blink
 11829 | Orc:2    | Entered Level 2 of the Orcish Mines
 11835 | Orc:2    | Noticed Josephine
 11856 | Orc:1    | Killed Josephine
 12486 | Orc:2    | Found a staircase to the Elven Halls.
 12545 | Orc:2    | Noticed an orc warlord
 12615 | Orc:1    | Killed an orc warlord
 12987 | Orc:2    | Noticed a sun demon
 12993 | Orc:1    | Reached skill level 17 in Fighting
 13198 | Orc:2    | Paralysed by an orc sorcerer for 6 turns
 13217 | Orc:1    | Paralysed by an orc sorcerer for 3 turns
 13465 | Orc:2    | Noticed Nessos
 13512 | Orc:2    | Killed Nessos
 13512 | Orc:2    | Reached XP level 13. HP: 51/133 MP: 11/18
 13968 | Orc:2    | Found a roughly hewn altar of Beogh.
 14019 | Orc:2    | Found a roughly hewn altar of Beogh.
 14020 | Orc:2    | Found Kawk's Gadget Shop.
 14252 | Orc:2    | Found a roughly hewn altar of Beogh.
 14400 | Orc:2    | Found a roughly hewn altar of Beogh.
 14460 | Orc:2    | Found a roughly hewn altar of Beogh.
 14476 | Orc:2    | Reached ****** piety under Makhleb
 14485 | Orc:2    | Found Resegruz's Weapon Boutique.
 15079 | Orc:2    | HP: 5/134 [orc high priest/divine providence (12)]
 15492 | Orc:2    | Reached skill level 18 in Fighting
 15910 | Orc:2    | Noticed an orc warlord
 15916 | Orc:2    | Noticed an orc warlord
 15940 | Orc:1    | Killed an orc warlord
 16467 | Orc:2    | Killed an orc warlord
 16528 | Orc:2    | Found Doestruab's Antique Armour Shoppe.
 16531 | Orc:2    | Found a roughly hewn altar of Beogh.
 16534 | Orc:2    | Found Ippeonk's Antique Weapon Emporium.
 16764 | Orc:2    | Found a roughly hewn altar of Beogh.
 16829 | Orc:2    | Bought a steaming war axe for 195 gold pieces
 16829 | Orc:2    | Identified the +3 war axe "Tomio" {drain, rF+} (You bought it in a shop on level 2 of the Orcish Mines)
 17067 | Orc:2    | Bought a pair of runed boots for 367 gold pieces
 17897 | D:13     | Found a gate to the Vaults.
 17897 | D:13     | Noticed Urug
 17924 | D:12     | Reached skill level 19 in Fighting
 17927 | D:12     | Reached XP level 14. HP: 113/146 MP: 12/20
 18121 | D:13     | Killed Urug
 19072 | D:11     | Reached skill level 5 in Evocations
 19141 | Lair:1   | Entered Level 1 of the Lair of Beasts
 19485 | Lair:1   | Found a dark tunnel.
 19747 | Volcano  | Entered a volcano
 19789 | Volcano  | Paralysed by an ogre mage for 3 turns
 19797 | Volcano  | Found a burning altar of Makhleb.
 20818 | Lair:2   | Noticed Fannar
 20832 | Lair:2   | Killed Fannar
 20832 | Lair:2   | Reached skill level 1 in Dodging
 20944 | Lair:2   | Found a staircase to the Swamp.
 21023 | Lair:2   | Reached skill level 20 in Fighting
 21232 | Lair:2   | Found a hole to the Spider Nest.
 21804 | Orc:2    | Bought a blackened plate armour for 980 gold pieces
 21804 | Orc:2    | Identified the cursed +0 plate armour "Xynuddug" {*Corrode rN++ Regen+ Slay+3} (You bought it in a shop on level 2 of the Orcish Mines)
 22861 | Lair:4   | Reached XP level 15. HP: 155/155 MP: 19/21
 24399 | Lair:6   | Entered Level 6 of the Lair of Beasts
 24422 | Lair:6   | Found a viscous altar of Jiyva.
 24422 | Lair:6   | Found a staircase to the Slime Pits.
 24654 | Lair:6   | Reached skill level 5 in Dodging
 25858 | Lair:3   | You fall through a shaft for 3 floors!
 25950 | Swamp:1  | Entered Level 1 of the Swamp
 25950 | Swamp:1  | Found a burning altar of Makhleb.
 26078 | Swamp:1  | Reached skill level 15 in Axes
 26210 | Swamp:1  | Reached XP level 16. HP: 148/165 MP: 19/22
 26387 | Swamp:1  | Reached skill level 21 in Fighting
 28397 | Swamp:3  | Found a frozen archway.
 28425 | IceCv    | Entered an ice cave
 28929 | IceCv    | Noticed loralnil's ghost (journeyman SpEn)
 28943 | IceCv    | Killed loralnil's ghost
 28966 | IceCv    | Reached skill level 10 in Invocations
 29124 | IceCv    | Noticed an Ice Fiend
 29166 | IceCv    | Killed an Ice Fiend
 29379 | IceCv    | Identified Sif Muna's Collected Works on Supportive Changing
 29820 | Swamp:3  | Got an encrusted war axe
 29821 | Swamp:3  | Identified the +9 war axe of Valour {distort, Str-2 Int+3 Stlth+} (You found it on level 3 of the Swamp)
 29831 | Swamp:3  | Noticed Aizul
 29852 | Swamp:3  | Killed Aizul
 30378 | Swamp:4  | Entered Level 4 of the Swamp
 30381 | Swamp:4  | Noticed a tentacled monstrosity
 30390 | Swamp:4  | Killed a tentacled monstrosity
 30390 | Swamp:4  | Reached skill level 15 in Armour
 30432 | Swamp:4  | Noticed a thorn hunter
 30433 | Swamp:4  | Noticed the 27-headed Lernaean hydra
 30451 | Swamp:4  | HP: 4/168 [the 27-headed Lernaean hydra (8)]
 30451 | Swamp:4  | Slain by the 27-headed Lernaean hydra

Skill      XL: |  1  2  3  4  5  6  7  8  9 10 11 12 13 14 15 16 |
---------------+-------------------------------------------------+-----
Axes           | 3 4 5 6 8 9 11 12 13 15 16 | 16.0
Fighting       | 4 7 11 13 15 17 19 20 21 | 21.6
Evocations     | 1 2 4 5 6 |  6.4
Armour         | 6 7 9 11 12 13 14 15 | 15.0
Invocations    | 5 7 8 9 10 | 10.0
Dodging        | 3 5 6 |  6.1
Shields        | |  3.2

Action                   |  1- 3 |  4- 6 |  7- 9 | 10-12 | 13-15 | 16-18 || total
-------------------------+-------+-------+-------+-------+-------+-------++-------
Melee: War axe           |    97 |   130 |   299 |   344 |    21 |       ||   891
       Kick              |       |       |    52 |    37 |       |       ||    89
       Battleaxe         |       |       |       |   381 |  1103 |   286 ||  1770
       Hand axe          |       |       |       |       |    51 |   245 ||   296
Throw: Javelin           |       |       |       |    15 |    16 |       ||    31
Invok: Minor Destruction |       |       |       |       |     4 |    32 ||    36
       Greater Servant o |       |       |       |       |       |     1 ||     1
Evoke: Wand              |       |       |     3 |     4 |    43 |    15 ||    65
  Use: Scroll            |     6 |       |     8 |     2 |    11 |     2 ||    29
       Potion            |       |     4 |     5 |    10 |     7 |     2 ||    28
 Stab: Invisible         |       |       |       |     8 |       |       ||     8
  Eat: Chunk             |     1 |     5 |    12 |    25 |    44 |    11 ||    98
       Fruit             |       |       |     3 |       |       |     3 ||     6
       Pizza             |       |       |       |       |       |     1 ||     1
Armor: Scale mail        |    44 |    27 |       |       |       |       ||    71
       Chain mail        |       |    22 |    79 |       |    15 |       ||   116
       Plate armour      |       |       |    35 |   474 |  1045 |   563 ||  2117
Dodge: Dodged            |    27 |    29 |    33 |   178 |   538 |   282 ||  1087
Block: Shield            |    62 |    51 |   100 |   137 |       |       ||   350
